 Dungeon Crawl Stone Soup version 0.29-a0-284-gf9362112df (webtiles) character file.

Game seed: 4730467237045851161

123 enile the Digger (level 4, 0/37 HPs)
             Began as a Demigod Earth Elementalist on Mar 18, 2022.
             Slain by Menkaure (13 damage)
             ... on level 4 of the Dungeon.
             The game lasted 00:08:46 (2803 turns).

enile the Digger (Demigod Earth Elementalist)       Turns: 2803, Time: 00:08:47

Health: 0/37       AC:  3    Str:  9    XL:     4   Next: 52%
Magic:  9/9        EV: 13    Int: 21    God:
Gold:   23         SH:  0    Dex: 14    Spells: 3/6 levels left

rFire   . . .      SeeInvis .   d - +0 hand crossbow
rCold   + . .      Faith    .   (no shield)
rNeg    . . .      Spirit   .   b - +1 robe
rPois   .          Reflect  .   (no helmet)
rElec   .          Harm     .   (no cloak)
rCorr   .          Rampage  .   (no gloves)
Will    .....                   (no boots)
Stlth   ++........              (no amulet)
HPRegen 0.12/turn               q - ring of protection from cold
MPRegen 0.11/turn               (no ring)

@: about to teleport
A: high MP 1, forlorn, divine attributes
a: no special abilities


You were on level 4 of the Dungeon.
You visited 1 branch of the dungeon, and saw 4 of its levels.

You collected 177 gold pieces.
You spent 154 gold pieces at shops.

Inventory:

Hand Weapons
 d - a +0 hand crossbow (weapon)
Missiles
 a - 62 stones
Armour
 b - a +1 robe (worn)
Jewellery
 g - a ring of ice
 q - a ring of protection from cold (left hand)
Scrolls
 f - 2 scrolls of enchant armour
 h - a scroll of immolation
 j - a scroll of torment
 l - a scroll of magic mapping
 o - a scroll of teleportation
Potions
 c - a potion of magic
 i - a potion of ambrosia
 k - 5 potions of curing
 m - a potion of lignification {unknown}
 n - a potion of heal wounds
 p - a potion of might {unknown}


   Skills:
 + Level 2.6 Fighting
 - Level 3.0 Dodging
 - Level 2.0 Stealth
 - Level 1.9 Spellcasting
 - Level 1.1 Transmutations
 - Level 3.0 Earth Magic


You had 3 spell levels left.
You knew the following spells:

 Your Spells              Type           Power      Damage    Failure   Level
a - Sandblast             Erth           28%        2d8       4%          1
b - Passwall              Tmut/Erth      8%         N/A       10%         2

Your spell library contained the following spells:

 Spells                   Type           Power      Damage    Failure   Level
 Stone Arrow              Conj/Erth      16%        3d8       24%         3
 Gell's Gravitas          Tloc           2%         N/A       41%         3
 Lesser Beckoning         Tloc           2%         N/A       41%         3
 Summon Guardian Golem    Hex/Summ       2%         N/A       41%         3
 Teleport Other           Tloc           2%         N/A       41%         3
 Petrify                  Tmut/Erth      10%        N/A       54%         4
 Animate Armour           Summ/Erth      16%        N/A       63%         4
 Orb of Destruction       Conj           1%         9d5       100%        7
 Spellforged Servitor     Conj/Summ      1%         N/A       100%        7
 Lehudib's Crystal Spear  Conj/Erth      4%         10d3      100%        8


Dungeon Overview and Level Annotations

Branches:
Dungeon (4/15)
 Temple: D:4-7

Shops:
D:3 !!=

Annotations:
D:3 2 transporters
D:4 Menkaure


Innate Abilities, Weirdness & Mutations

You have an increased reservoir of magic. (+10% MP)
You shall have no god before yourself.
Your divine heritage dramatically boosts your attributes as you level up.


Message History

a +0 dagger; a kobold corpse You hear the slow hiss of a distant avalanche of sand.
Magic restored.
You hear the slow hiss of a distant avalanche of sand.
HP restored.
You hear the hiss of a distant avalanche of sand.
q - a ring of protection from cold
Found a stone staircase leading up.
q - a ring of protection from cold (left hand)
There is a stone staircase leading up here.
As you read the scroll labelled LAX FOLORPHA, it crumbles to dust.
It is a scroll of enchant armour.
Your +0 robe glows green for a moment.
As you read the scroll labelled OPLUUMM XEIKHI, it crumbles to dust.
It is a scroll of identify.
h - a scroll of immolation
As you read the scroll of identify, it crumbles to dust.
o - 3 scrolls of teleportation
As you read the scroll of identify, it crumbles to dust.
i - a potion of ambrosia
As you read the scroll labelled SETUSU IRULICVIPARR, it crumbles to dust.
Your body is wracked with pain!
It was a scroll of torment.
As you read the scroll labelled ERYLUAZ GOANLAHI, it crumbles to dust.
You feel aware of your surroundings.
You sensed 1 altar, and 1 shop/portal.
It was a scroll of magic mapping.
Menkaure, Prince of Dust comes into view.
Menkaure shouts!
Sorry, you're not good enough to have a special ability.
As you read the scroll of teleportation, it crumbles to dust.
You feel strangely unstable.
Menkaure casts a spell.
Menkaure seems to speed up.
Your surroundings seem slightly different.
Sorry, you're not good enough to have a special ability.
As you read the scroll of teleportation, it crumbles to dust.
You feel strangely unstable.
You hear the hiss of an avalanche of sand nearby.
Menkaure hits you! Menkaure attacks as you move away! Menkaure hits you!
You die...

,*,##....## *...#*,,,** *
,,*,#.....# *...#**,,,** *
*,,,#.....## *...###.,,,***
,,,*#..#...## #.......,,,,,,
,*,#©..##...## ##.......,,,,,,
*,,##.#*##...######..........****
*,,,#.* #..............##...##
,,,##.* ##.........#....##....#
,,**..* #....##.@M###....##...##
***..####...##....# *#...##....##
,,,.........##...## #....#......
,,,.........##...# ##..........
,,,,....##.......# ##..........
,,,,####*##.....## ###...........
**,,* ##....####.........##..
,*,,* #...........####...##.
,,,,* ##....)..#### ##...#.


You could see Menkaure (fast).

Vanquished Creatures
  An iguana (D:2)
  2 adders (D:3)
  2 worms
  4 dart slugs
  An orc (D:3)
  8 endoplasms
  4 giant cockroaches
  5 hobgoblins
  7 jackals
  2 quokkas
  11 ball pythons
  A frilled lizard (D:1)
  4 goblins
  4 kobolds
  5 rats
61 creatures vanquished.

Notes
Turn   | Place    | Note
-------+----------+-------------------------------------------
     0 | D:1      | enile the Demigod Earth Elementalist began the quest for
                  | the Orb.
     0 | D:1      | Reached XP level 1. HP: 14/14 MP: 5/5
    80 | D:1      | Reached skill level 1 in Transmutations
   310 | D:1      | Reached XP level 2. HP: 20/20 MP: 7/7
   390 | D:1      | Reached skill level 1 in Fighting
   587 | D:1      | Learned a level 2 spell: Passwall
   840 | D:2      | Reached XP level 3. HP: 24/29 MP: 2/8
  1956 | D:3      | Found Xiliaz's Distillery.
  1983 | D:3      | Found Jaddec's Jewellery Shop.
  1992 | D:3      | Reached XP level 4. HP: 36/36 MP: 9/9
  2075 | D:3      | Found Warisou's Distillery.
  2081 | D:3      | Bought 2 potions of curing for 66 gold pieces
  2081 | D:3      | Bought a potion of curing for 33 gold pieces
  2086 | D:3      | Found Illanim's Antique Weapon Shoppe.
  2088 | D:3      | Noticed a bullfrog
  2340 | D:3      | Bought a potion of heal wounds for 55 gold pieces
  2394 | D:3      | Noticed a sky beast
  2401 | D:3      | Found a transporter.
  2409 | D:3      | Found a transporter.
  2793 | D:4      | Noticed Menkaure
  2803 | D:4      | Slain by Menkaure

Illustrated notes

Levels and vault maps discovered:
D:1:      saegor_arrival_under_anarchy, layout_rooms
D:2:      minmay_inner_zag, layout_basic, basic_altar
D:3:      layout_rooms, gammafunk_temple_overflow_arena,
          nicolae_overflow_hidden_temple, serial_shops, shop,
          nicolae_shop_competitors_out_of_business, shop,
          nicolae_shop_advertising_works [nicolae_subvault_shop_adworks]
D:4:      layout_layer_cave, kiku_gazebo_pond_becter,
          gammafunk_ghost_stat_death, lightli_ossuary_entry_decrepit_ruins,
          uniq_menkaure

Skill      XL: |  1  2  3  4 |
---------------+-------------+-----
Transmutations | 1 |  1.1
Stealth        | 2 |  2.0
Fighting       | 2 |  2.6
Dodging        | 2 3 |  3.0
Earth Magic    | 3 |  3.0
Spellcasting   | |  1.9

Action                   |  1- 3 |  4- 6 || total
-------------------------+-------+-------++-------
 Fire: Hand crossbow     |    91 |    43 ||   134
 Cast: Sandblast         |    27 |    18 ||    45
  Use: Scroll            |       |     8 ||     8
Armor: Robe              |     5 |     3 ||     8
Dodge: Dodged            |    21 |    13 ||    34

Table legend: (Time is in decaauts)
 A = Elapsed time spent in this place.
 B = Non-inter-level travel time spent in this place.
 C = Inter-level travel time spent in this place.
 D = Time resting spent in this place.
 E = Time spent auto-exploring this place.
 F = Levels seen in this place.
 G = Mean time per level.
                   A        B        C        D        E       F      G
               +--------+--------+--------+--------+--------+-----+--------+
         Total |   2868 |   2740 |    128 |      0 |   2289 |   4 |  717.0 |
       Dungeon |   2868 |   2740 |    128 |      0 |   2289 |   4 |  717.0 |
               +--------+--------+--------+--------+--------+-----+--------+

Top non-repeatable levels by time:
     D:2: 1370 daAuts
     D:1: 627 daAuts
     D:3: 615 daAuts
     D:4: 255 daAuts
